 Dungeon Crawl Stone Soup version 0.29.1-15-g9cfb28693d (webtiles) character file.

Game seed: 7084966401397452191

485 Goboxel the Slasher (level 7, -1/53 HPs)
             Began as a Human Gladiator on Mar 19, 2023.
             Splashed by a jelly's acid (10 damage)
             ... on level 4 of the Dungeon.
             The game lasted 00:25:02 (4170 turns).

Goboxel the Slasher (Human Gladiator)               Turns: 4170, Time: 00:25:03

Health: -1/53      AC: -2    Str: 14    XL:     7   Next: 35%
Magic:  7/7        EV: 13    Int:  8    God:
Gold:   184        SH:  0    Dex: 17    Spells: 6/6 levels left

rFire   . . .      SeeInvis .   i - +1 falchion (holy)
rCold   . . .      Faith    .   (no shield)
rNeg    . . .      Spirit   .   b - +0 leather armour
rPois   .          Reflect  .   c - +0 helmet
rElec   .          Harm     .   (no cloak)
rCorr   .          Rampage  .   x - +0 pair of gloves
Will    .....                   (no boots)
Stlth   ++........              (no amulet)
HPRegen 0.17/turn               (no ring)
MPRegen 0.10/turn               (no ring)

@: corroded
A: no striking features
a: no special abilities


You were on level 4 of the Dungeon.
You visited 1 branch of the dungeon, and saw 4 of its levels.
You also visited: Ossuary.

You collected 184 gold pieces.

Inventory:

Hand Weapons
 a - a +0 long sword
 i - a +1 falchion of holy wrath (weapon)
Missiles
 d - 2 throwing nets (quivered)
 e - a javelin
Armour
 b - a +0 leather armour (worn)
 c - a +0 helmet (worn)
 x - a +0 pair of gloves (worn)
Scrolls
 f - a scroll of poison
 h - 2 scrolls of enchant armour {unknown}
 j - a scroll of immolation {unknown}
 k - a scroll of enchant weapon {unknown}
 l - 4 scrolls of identify
 m - 4 scrolls of butterflies
 o - 6 scrolls of teleportation {unknown}
 q - a scroll of magic mapping {unknown}
 r - a scroll of acquirement {unknown}
 s - a scroll of brand weapon {unknown}
Potions
 g - a potion of lignification
 n - a potion of berserk rage {unknown}
 p - 2 potions of curing {unknown}
 t - a potion of cancellation {unknown}
 u - 2 potions of invisibility {unknown}
 v - 2 potions of heal wounds
 w - 3 potions of haste


   Skills:
 * Level 3.7 Fighting
 * Level 6.3 Long Blades
 - Level 2.0 Throwing
 - Level 0.2 Armour
 + Level 4.0 Dodging
 + Level 1.2 Stealth


You had 6 spell levels left.
You didn't know any spells.
Your spell library contained the following spells:

 Spells                   Type           Power      Damage    Failure   Level
 Freeze                   Ice            0%         1d3       50%         1
 Frozen Ramparts          Ice            0%         1d1       86%         3
 Hailstorm                Conj/Ice       0%         3d3       99%         4


Dungeon Overview and Level Annotations

Branches:
Dungeon (4/15)            Ossuary (visited)
 Temple: D:4-7

Altars:


Message History

You hit the jelly. The acid corrodes you!
Your hands burn!
The jelly is lightly wounded.
The jelly barely misses you.
You completely miss the jelly.
The jelly is lightly wounded.
The jelly hits you.
You are splashed with acid!
You hit the jelly.
Your hands burn!
The jelly is lightly wounded.
The jelly misses you.
You hit the jelly.
Your hands burn!
The jelly is moderately wounded.
The jelly barely misses you.
You hit the jelly but do no damage.
Your hands burn!
The jelly is moderately wounded.
The jelly closely misses you.
You hit the jelly.
Your hands burn!
The jelly is severely wounded.
The jelly hits you but does no damage.
You hit the jelly. The acid corrodes you!
Your hands burn!
The jelly is almost dead.
The jelly barely misses you.
You hit the jelly but do no damage.
Your hands burn!
The jelly is almost dead.
The jelly barely misses you.
You barely miss the jelly.
The jelly is almost dead.
You hit the jelly but do no damage.
Your hands burn!
The jelly is almost dead.
The jelly barely misses you.
You hit the jelly but do no damage.
Your hands burn!
The jelly is almost dead.
The jelly hits you.
You are splashed with acid!
* * * LOW HITPOINT WARNING * * *
There is a stone staircase leading down here.
The jelly attacks as you move away! The jelly barely misses you.
The jelly attacks as you move away! The jelly misses you.
The jelly attacks as you move away! The jelly hits you.
* * * LOW HITPOINT WARNING * * *
The acid corrodes you!
You are splashed with acid!
You die...

#.# # #.# # #># # #.#
# #.# # #.#
############# #.#
#............
##.######.###########
#..J@............
#########.####### #.#
#.# #.# #.# #.. #.#


You could see a jelly.

Vanquished Creatures
  An ogre (D:4)
  An ice beast (D:3)
  A necrophage (D:4)
  2 centaur zombies (Ossuary)
  2 mummies (Ossuary)
  3 adders
  2 worms
  3 dart slugs
  8 orcs
  10 ball pythons
  11 endoplasms
  3 giant cockroaches
  10 goblins
  4 hobgoblins
  7 jackals
  5 quokkas
  5 bats
  5 frilled lizards
  2 goblin zombies (Ossuary)
  12 hobgoblin zombies (Ossuary)
  A jackal zombie (Ossuary)
  4 kobolds
  13 kobold zombies (Ossuary)
  6 orc zombies (Ossuary)
  A rat (D:2)
  A rat zombie (Ossuary)
123 creatures vanquished.

Notes
Turn   | Place    | Note
-------+----------+-------------------------------------------
     0 | D:1      | Goboxel the Human Gladiator began the quest for the Orb.
     0 | D:1      | Reached XP level 1. HP: 16/16 MP: 1/1
   131 | D:1      | Reached XP level 2. HP: 16/22 MP: 2/2
   544 | D:1      | Reached XP level 3. HP: 27/27 MP: 3/3
   773 | D:1      | Found a faded altar of an unknown god.
  1318 | D:2      | Identified the +1 chain mail of the Sky {rF- rCorr Int+10
                  | Dex-4}
  1367 | D:2      | Reached XP level 4. HP: 9/33 MP: 4/4
  1705 | D:2      | Reached skill level 4 in Long Blades
  2532 | D:3      | Identified the +0 chain mail of Wegiung {Rampage rF- rC+
                  | Str+7}
  2796 | D:4      | Noticed an ice beast
  2804 | D:3      | Killed an ice beast
  2805 | D:3      | Reached skill level 5 in Long Blades
  2805 | D:3      | Reached XP level 5. HP: 20/40 MP: 5/5
  2815 | D:4      | Reached XP level 6. HP: 13/47 MP: 6/6
  2864 | D:4      | Noticed an ogre
  2875 | D:4      | Killed an ogre
  2876 | D:4      | Reached skill level 1 in Stealth
  3414 | D:4      | Found a sand-covered staircase.
  3420 | Ossuary  | Entered an ossuary
  3483 | Ossuary  | Reached XP level 7. HP: 52/52 MP: 7/7
  3591 | Ossuary  | Reached skill level 6 in Long Blades
  4170 | D:4      | Splashed by a jelly's acid

Illustrated notes

Levels and vault maps discovered:
D:1:      dpeg_arrival_pits, layout_basic, shapermc_ecumenical_altar_acropolis
D:2:      layout_loops_ring
D:3:      wander_river, layout_basic, corexii_item_surrounded_by_moat,
          minmay_curled_crystal
D:4:      wad_crossroads, layout_basic, nicolae_ossuary_entry_plus,
          glass_columns_b, nrook_mini_vaults

Skill      XL: |  1  2  3  4  5  6  7 |
---------------+----------------------+-----
Long Blades    | 5 6 |  6.3
Fighting       | 3 |  3.7
Stealth        | 1 |  1.2
Dodging        | 4 |  4.0
Throwing       | |  2.0
Armour         | |  0.2

Action                   |  1- 3 |  4- 6 |  7- 9 || total
-------------------------+-------+-------+-------++-------
Melee: Long sword        |   102 |    98 |       ||   200
       Punch             |     3 |     2 |     1 ||     6
       Falchion          |       |    51 |    89 ||   140
Throw: Javelin           |       |     1 |       ||     1
       Throwing net      |       |     1 |       ||     1
  Use: Scroll            |     3 |     1 |       ||     4
       Potion            |       |     3 |       ||     3
 Stab: Sleeping          |     1 |     2 |     1 ||     4
Armor: Leather armour    |    30 |    22 |    18 ||    70
       Skin              |       |     7 |       ||     7
Dodge: Dodged            |    64 |   101 |    43 ||   208
